[Event "FICS rated standard game"]
[Site "FICS freechess.org"]
[FICSGamesDBGameNo "20000596"]
[White "pape"]
[Black "Osaka"]
[WhiteElo "1336"]
[BlackElo "2040"]
[WhiteRD "na"]
[BlackRD "na"]
[TimeControl "420+12"]
[Date "1999.05.13"]
[Time "06:58:00"]
[WhiteClock "0:07:00.000"]
[BlackClock "0:07:00.000"]
[ECO "C02"]
[PlyCount "28"]
[Result "0-1"]

1. e4 e6 2. Nf3 d5 3. e5 c5 4. c3 Nc6 5. d4 Qb6 6. Be3 Qxb2 7. Nbd2 Qxc3 8. Rc1 Qa5 9. Qc2 cxd4 10. Nxd4 Bd7 11. Bd3 Nxe5 12. Rb1 Nxd3+ 13. Kd1 Nb4 14. Qb3 Ba4 {White resigns} 0-1

[Event "FICS rated standard game"]
[Site "FICS freechess.org"]
[FICSGamesDBGameNo "20000595"]
[White "RonStewart"]
[Black "loney"]
[WhiteElo "1883"]
[BlackElo "1959"]
[WhiteRD "na"]
[BlackRD "na"]
[TimeControl "900+0"]
[Date "1999.05.13"]
[Time "06:09:00"]
[WhiteClock "0:15:00.000"]
[BlackClock "0:15:00.000"]
[ECO "D50"]
[PlyCount "152"]
[Result "0-1"]

1. d4 e6 2. c4 d5 3. Nc3 Nf6 4. Bg5 Bb4 5. Qc2 c6 6. Nf3 h6 7. Bh4 Nbd7 8. a3 Bxc3+ 9. Qxc3 dxc4 10. Qxc4 Qb6 11. b4 a5 12. Rb1 axb4 13. axb4 Ra4 14. e3 Nd5 15. Be2 Rxb4 16. Rxb4 Qxb4+ 17. Qxb4 Nxb4 18. O-O Nf6 19. Rb1 Nbd5 20. Bd3 O-O 21. Bg3 b5 22. e4 Nc3 23. Rc1 b4 24. Nd2 Bd7 25. f3 Ra8 26. Bd6 Ra2 27. Nb3 Rb2 28. Bxb4 Rxb3 29. Bxc3 Ne8 30. Bc4 Ra3 31. Bb2 Ra4 32. Bd3 Nc7 33. Bc3 Ra3 34. Rc2 f6 35. Bc4 Kf7 36. Kf2 Ke8 37. Bb4 Ra4 38. Bd6 Nb5 39. Bxb5 cxb5 40. Ke3 Kd8 41. Rb2 h5 42. h4 Kc8 43. g4 hxg4 44. fxg4 Kb7 45. Bf8 g6 46. Be7 f5 47. gxf5 exf5 48. exf5 gxf5 49. h5 Kc6 50. Bc5 Kd5 51. h6 Ra1 52. Rh2 Re1+ 53. Kd3 Re8 54. h7 Rh8 55. Bf8 f4 56. Bg7 Bf5+ 57. Kc3 Rxh7 58. Rxh7 Bxh7 59. Bh6 f3 60. Be3 Ke4 61. Bf2 Bf5 62. Bg1 Kf4 63. Bf2 Kg4 64. Kd2 Kh3 65. Ke3 Kg2 66. Be1 Be6 67. Ke4 f2 68. Bxf2 Kxf2 69. d5 Bd7 70. Kd4 Ke2 71. Kc5 Kd3 72. Kd6 Be8 73. Ke7 Bh5 74. d6 Bg4 75. d7 Bxd7 76. Kxd7 b4 {White resigns} 0-1

[Event "FICS rated blitz game"]
[Site "FICS freechess.org"]
[FICSGamesDBGameNo "20000594"]
[White "SikhanderSK"]
[Black "Pisingos"]
[WhiteElo "1792"]
[BlackElo "1752"]
[WhiteRD "na"]
[BlackRD "na"]
[TimeControl "180+0"]
[Date "1999.05.13"]
[Time "03:31:00"]
[WhiteClock "0:03:00.000"]
[BlackClock "0:03:00.000"]
[ECO "D80"]
[PlyCount "73"]
[Result "0-1"]

1. d4 Nf6 2. c4 g6 3. Nc3 d5 4. Bg5 Bg7 5. Bxf6 Bxf6 6. Nxd5 Bg7 7. e3 O-O 8. Nf3 c5 9. Be2 cxd4 10. Nxd4 Nc6 11. O-O Nxd4 12. exd4 e6 13. Nc3 Qxd4 14. Qb3 a6 15. Bf3 Rb8 16. Rfd1 Qc5 17. Na4 Qc7 18. Nb6 Rd8 19. Rxd8+ Qxd8 20. Rd1 Qc7 21. Qa4 Qxb6 22. Qe8+ Bf8 23. Rd8 Qc5 24. b4 Qxb4 25. g3 b5 26. cxb5 axb5 27. Rxc8 Rxc8 28. Qxc8 Qb1+ 29. Kg2 Qxa2 30. Bc6 b4 31. Be8 Qd5+ 32. f3 Qd2+ 33. Kh3 Qc3 34. Qd7 Qf6 35. Qb7 Qf5+ 36. Kg2 Qc2+ 37. Kh3 {White forfeits on time} 0-1

[Event "FICS rated blitz game"]
[Site "FICS freechess.org"]
[FICSGamesDBGameNo "20000593"]
[White "Foreverbest"]
[Black "Kpaty"]
[WhiteElo "1493"]
[BlackElo "1659"]
[WhiteRD "na"]
[BlackRD "na"]
[TimeControl "300+0"]
[Date "1999.05.12"]
[Time "22:40:00"]
[WhiteClock "0:05:00.000"]
[BlackClock "0:05:00.000"]
[ECO "B22"]
[PlyCount "96"]
[Result "0-1"]

1. e4 c5 2. Nf3 Nc6 3. c3 d5 4. exd5 Qxd5 5. d4 Bg4 6. Be2 e6 7. h3 Bh5 8. O-O Nf6 9. dxc5 Qxd1 10. Rxd1 Bxc5 11. Nbd2 Rd8 12. Nb3 Rxd1+ 13. Bxd1 Bb6 14. Bg5 Ne4 15. Bf4 Bxf2+ 16. Kh2 O-O 17. Bc2 Nf6 18. g4 Bg6 19. Bxg6 hxg6 20. Kg2 Bb6 21. Ne5 Nxe5 22. Bxe5 Rd8 23. Nd4 Bxd4 24. Bxd4 a6 25. Re1 Nd5 26. Kf3 Kf8 27. Re4 Nf6 28. Re5 Rd5 29. Rxd5 Nxd5 30. a3 f6 31. c4 Nc7 32. Bc5+ Kf7 33. Bd6 Ne8 34. Bb4 e5 35. Ke4 Ke6 36. c5 f5+ 37. gxf5+ gxf5+ 38. Kf3 Nc7 39. Bc3 Nd5 40. Bd2 g6 41. h4 Nf6 42. Bg5 Ne4 43. Bh6 Nxc5 44. Ke3 f4+ 45. Kf3 Kf5 46. Bf8 e4+ 47. Kf2 Nd3+ 48. Ke2 Nxb2 {White resigns} 0-1

[Event "FICS rated blitz game"]
[Site "FICS freechess.org"]
[FICSGamesDBGameNo "20000592"]
[White "Stevage"]
[Black "AgentCooper"]
[WhiteElo "1282"]
[BlackElo "1415"]
[WhiteRD "na"]
[BlackRD "na"]
[TimeControl "180+3"]
[Date "1999.05.12"]
[Time "21:44:00"]
[WhiteClock "0:03:00.000"]
[BlackClock "0:03:00.000"]
[ECO "B22"]
[PlyCount "63"]
[Result "1-0"]

1. e4 c5 2. c3 d6 3. d4 cxd4 4. Qxd4 Nc6 5. Qa4 Bd7 6. Bb5 a6 7. Bxc6 Bxc6 8. Qc4 e6 9. Be3 Nf6 10. Nd2 Qc7 11. O-O-O b5 12. Qd4 Be7 13. Ngf3 O-O 14. e5 dxe5 15. Nxe5 Bxg2 16. Rhg1 Bd5 17. b3 g6 18. c4 bxc4 19. bxc4 Ba3+ 20. Kc2 Bb7 21. Qh4 Qxe5 22. Bd4 Qf5+ 23. Kb3 Bd6 24. Bxf6 Bf3 25. Nxf3 Qxf3+ 26. Kc2 Qe2+ 27. Rd2 Qf3 28. Rg3 Qc6 29. Rg4 Qa4+ 30. Kd3 Qa3+ 31. Ke2 Rab8 32. Qh6 {Black resigns} 1-0

[Event "FICS rated blitz game"]
[Site "FICS freechess.org"]
[FICSGamesDBGameNo "20000591"]
[White "ouazzani"]
[Black "Elfr"]
[WhiteElo "1713"]
[BlackElo "1605"]
[WhiteRD "na"]
[BlackRD "na"]
[TimeControl "120+10"]
[Date "1999.05.12"]
[Time "21:22:00"]
[WhiteClock "0:02:00.000"]
[BlackClock "0:02:00.000"]
[ECO "B01"]
[PlyCount "106"]
[Result "0-1"]

1. e4 d5 2. exd5 Qxd5 3. Nc3 Qe5+ 4. Qe2 Qxe2+ 5. Bxe2 c6 6. Nf3 Bg4 7. O-O Bxf3 8. Bxf3 e6 9. d4 Bb4 10. a3 Bxc3 11. b3 Nf6 12. Rb1 Bxd4 13. c4 Be5 14. Re1 Nbd7 15. b4 O-O 16. Be3 Bc7 17. Rbd1 Rfd8 18. Bg5 h6 19. Bh4 Be5 20. Rxd7 Nxd7 21. Bxd8 Rxd8 22. b5 cxb5 23. Bxb7 Bd6 24. Rd1 Bxa3 25. Bc6 bxc4 26. Rxd7 Rxd7 27. Bxd7 c3 28. Ba4 Kf8 29. Kf1 Ke7 30. Ke2 Kd6 31. Kd3 Bb4 32. Kc4 a5 33. f4 e5 34. g3 exf4 35. gxf4 f6 36. h4 Ke6 37. Kd4 Kf5 38. Ke3 Kg4 39. Bd1+ Kxh4 40. f5 Kg5 41. Ke4 h5 42. Kd3 g6 43. fxg6 Kxg6 44. Ke3 Kg5 45. Kf2 f5 46. Kg3 f4+ 47. Kf3 h4 48. Bb3 h3 49. Bd1 Bd6 50. Kf2 Kh4 51. Kg1 Kg3 52. Kh1 Kf2 53. Kh2 Ke1 {White resigns} 0-1

[Event "FICS rated blitz game"]
[Site "FICS freechess.org"]
[FICSGamesDBGameNo "20000590"]
[White "bkcoop"]
[Black "Ratsalad"]
[WhiteElo "1311"]
[BlackElo "1227"]
[WhiteRD "na"]
[BlackRD "na"]
[TimeControl "120+12"]
[Date "1999.05.12"]
[Time "18:42:00"]
[WhiteClock "0:02:00.000"]
[BlackClock "0:02:00.000"]
[ECO "B07"]
[PlyCount "101"]
[Result "1-0"]

1. d4 d6 2. e4 e6 3. Nf3 Nd7 4. Bg5 Ne7 5. Bb5 b6 6. Nc3 Bb7 7. O-O c6 8. Ba4 g6 9. Re1 Bg7 10. a3 f6 11. Bh4 O-O 12. e5 d5 13. exf6 Bxf6 14. Bxf6 Rxf6 15. Ne5 Nf8 16. Re3 Nf5 17. Rf3 Qe7 18. Nxc6 Bxc6 19. Bxc6 Rc8 20. Ba4 a6 21. Ne2 b5 22. Bb3 Nd7 23. Nf4 Nb6 24. Nd3 a5 25. Ne5 a4 26. Ba2 Rff8 27. c3 Qg5 28. Bb1 Nh4 29. Rg3 Qf4 30. f3 Nc4 31. Nxc4 bxc4 32. Qxa4 Qe3+ 33. Kf1 Rf6 34. Qd1 Rb8 35. Ra2 Rbf8 36. Qe2 Qf4 37. Kf2 Kg7 38. Bc2 h5 39. b4 g5 40. Bd1 Nf5 41. Rh3 Rg6 42. Rxh5 Nh4 43. Qe5+ Qxe5 44. dxe5 Nf5 45. Bc2 Rh6 46. Rxh6 Kxh6 47. g3 Ne7 48. a4 Nc6 49. b5 Nxe5 50. Bd1 Rxf3+ 51. Bxf3 {Black resigns} 1-0

[Event "FICS rated blitz game"]
[Site "FICS freechess.org"]
[FICSGamesDBGameNo "20000589"]
[White "stirzak"]
[Black "mailman"]
[WhiteElo "1412"]
[BlackElo "1528"]
[WhiteRD "na"]
[BlackRD "na"]
[TimeControl "300+0"]
[Date "1999.05.12"]
[Time "15:16:00"]
[WhiteClock "0:05:00.000"]
[BlackClock "0:05:00.000"]
[ECO "C13"]
[PlyCount "81"]
[Result "1-0"]

1. e4 e6 2. d4 d5 3. Nc3 Nf6 4. Bg5 Be7 5. h4 h6 6. Bxf6 Bxf6 7. Nf3 O-O 8. e5 Be7 9. Bd3 c5 10. Ne2 Nc6 11. c3 Qb6 12. Qc2 cxd4 13. Nexd4 Nxd4 14. Nxd4 Bc5 15. Nb3 Be7 16. O-O-O Bd7 17. Kb1 a5 18. g4 a4 19. Nd4 a3 20. b3 Rfc8 21. g5 hxg5 22. hxg5 Bxg5 23. c4 dxc4 24. Bxc4 Qc5 25. Qh7+ Kf8 26. Nxe6+ Bxe6 27. Bxe6 Qc2+ 28. Qxc2 Rxc2 29. Kxc2 fxe6 30. Rh8+ Ke7 31. Rxa8 Bf4 32. Ra7 Bxe5 33. Rxb7+ Kf6 34. b4 Bb2 35. b5 e5 36. b6 e4 37. Rbd7 g5 38. b7 Be5 39. R1d6+ Bxd6 40. Rxd6+ Kf5 41. b8=Q {Black resigns} 1-0

[Event "FICS rated blitz game"]
[Site "FICS freechess.org"]
[FICSGamesDBGameNo "20000588"]
[White "Thialf"]
[Black "HarryLagman"]
[WhiteElo "1832"]
[BlackElo "1861"]
[WhiteRD "na"]
[BlackRD "na"]
[TimeControl "180+0"]
[Date "1999.05.12"]
[Time "12:29:00"]
[WhiteClock "0:03:00.000"]
[BlackClock "0:03:00.000"]
[ECO "D85"]
[PlyCount "65"]
[Result "1-0"]

1. d4 Nf6 2. c4 g6 3. Nc3 d5 4. cxd5 Nxd5 5. e4 Nxc3 6. bxc3 Bg7 7. Nf3 O-O 8. Rb1 b6 9. Bd3 Bb7 10. h4 Nd7 11. h5 Nf6 12. e5 Nd5 13. Bd2 Qc8 14. Ng5 Ba6 15. Bc2 h6 16. hxg6 fxg6 17. Bxg6 Nf4 18. Bxf4 Rxf4 19. Nf7 Rxf7 20. Bxf7+ Kxf7 21. Qh5+ Kg8 22. Qg6 Qe8 23. Rxh6 Qxg6 24. Rxg6 Kh7 25. Rg3 Rf8 26. f3 Bh6 27. Kf2 Bc8 28. Rh1 Rh8 29. Rg5 Bd7 30. d5 Be8 31. Rg4 Bg6 32. Rd4 Kg7 33. g3 {Black forfeits on time} 1-0

[Event "FICS rated blitz game"]
[Site "FICS freechess.org"]
[FICSGamesDBGameNo "20000587"]
[White "family"]
[Black "ehiggi"]
[WhiteElo "1783"]
[BlackElo "1406"]
[WhiteRD "na"]
[BlackRD "na"]
[TimeControl "120+15"]
[Date "1999.05.12"]
[Time "12:22:00"]
[WhiteClock "0:02:00.000"]
[BlackClock "0:02:00.000"]
[ECO "A01"]
[PlyCount "87"]
[Result "1-0"]

1. b3 e5 2. Bb2 d6 3. e3 Nf6 4. c4 c5 5. Nc3 Bf5 6. d3 Qa5 7. Qd2 Nc6 8. Nf3 h6 9. Be2 Be7 10. O-O O-O 11. a3 e4 12. dxe4 Nxe4 13. Nxe4 Bxe4 14. Bc3 Qd8 15. Qb2 Bf6 16. Bxf6 Qxf6 17. Qxf6 gxf6 18. Rfd1 Rad8 19. Ne1 Na5 20. b4 cxb4 21. axb4 Nc6 22. b5 Ne5 23. Rxa7 Ra8 24. Rda1 Rxa7 25. Rxa7 b6 26. f4 Ng6 27. Nf3 Rb8 28. Nd4 Ra8 29. Rd7 Ra1+ 30. Kf2 Nh4 31. Nf3 Nf5 32. g4 Bxf3 33. Kxf3 Nh4+ 34. Kg3 Ra2 35. Bf1 Ng6 36. Rxd6 Ra1 37. Bg2 Re1 38. Kf2 Rc1 39. Rxb6 Rxc4 40. Rc6 Rb4 41. b6 Ne7 42. Rc7 Kf8 43. b7 Ke8 44. Rc8+ {Black resigns} 1-0

[Event "FICS rated blitz game"]
[Site "FICS freechess.org"]
[FICSGamesDBGameNo "20000586"]
[White "walle"]
[Black "Budweiser"]
[WhiteElo "1573"]
[BlackElo "1479"]
[WhiteRD "na"]
[BlackRD "na"]
[TimeControl "300+0"]
[Date "1999.05.12"]
[Time "11:25:00"]
[WhiteClock "0:05:00.000"]
[BlackClock "0:05:00.000"]
[ECO "A48"]
[PlyCount "41"]
[Result "1-0"]

1. d4 Nf6 2. Nf3 g6 3. Bg5 Bg7 4. Nbd2 O-O 5. e4 d6 6. Bd3 h6 7. Be3 Ng4 8. Qe2 Nxe3 9. fxe3 e5 10. d5 f5 11. O-O-O fxe4 12. Nxe4 Bg4 13. h3 Bxf3 14. gxf3 Qh4 15. Rhg1 Kh7 16. Rg4 Qxh3 17. Rdg1 Qxf3 18. Rxg6 Bh8 19. Qh2 Qxe3+ 20. Nd2 Nd7 21. R6g3+ {Black resigns} 1-0

[Event "FICS rated blitz game"]
[Site "FICS freechess.org"]
[FICSGamesDBGameNo "20000585"]
[White "KingsBishop"]
[Black "Levs"]
[WhiteElo "1506"]
[BlackElo "1795"]
[WhiteRD "na"]
[BlackRD "na"]
[TimeControl "120+12"]
[Date "1999.05.12"]
[Time "01:01:00"]
[WhiteClock "0:02:00.000"]
[BlackClock "0:02:00.000"]
[ECO "C45"]
[PlyCount "84"]
[Result "0-1"]

1. e4 e5 2. Nf3 Nc6 3. d4 exd4 4. Nxd4 Bc5 5. Nb3 Bb6 6. Nc3 Qf6 7. f4 Nge7 8. Bc4 O-O 9. Nd5 Nxd5 10. Bxd5 d6 11. Bd2 Qh4+ 12. g3 Qh3 13. Qe2 Bg4 14. Qf1 Rae8 15. Qxh3 Bxh3 16. O-O-O Bg2 17. Bxc6 bxc6 18. Rhe1 Bf3 19. Bc3 Bxd1 20. Kxd1 h5 21. h3 d5 22. e5 c5 23. a4 d4 24. Bd2 c4 25. a5 cxb3 26. axb6 bxc2+ 27. Kxc2 axb6 28. b3 Ra8 29. Kd3 Rfd8 30. Re4 Ra2 31. Bc1 Rg2 32. Rxd4 Rxg3+ 33. Ke4 Rxd4+ 34. Kxd4 Rxb3 35. Kc4 Rxh3 36. Kb5 Rc3 37. Bb2 Rc5+ 38. Kb4 h4 39. Bd4 Rd5 40. Bg1 h3 41. Kc4 Rd2 42. Kc3 h2 {White resigns} 0-1

[Event "FICS rated blitz game"]
[Site "FICS freechess.org"]
[FICSGamesDBGameNo "20000584"]
[White "Wlad"]
[Black "adnans"]
[WhiteElo "1714"]
[BlackElo "1555"]
[WhiteRD "na"]
[BlackRD "na"]
[TimeControl "180+0"]
[Date "1999.05.11"]
[Time "20:53:00"]
[WhiteClock "0:03:00.000"]
[BlackClock "0:03:00.000"]
[ECO "C64"]
[PlyCount "70"]
[Result "1/2-1/2"]

1. e4 e5 2. Nf3 Nc6 3. Bb5 Bc5 4. c3 d6 5. d4 exd4 6. cxd4 Bb4+ 7. Nc3 a6 8. Ba4 b5 9. Bb3 Na5 10. Bc2 Bg4 11. O-O Nc6 12. h3 Bh5 13. Nd5 Ba5 14. Be3 Nge7 15. Bb3 O-O 16. Rc1 Nb4 17. a3 Nbxd5 18. exd5 Bb6 19. g4 Bg6 20. Nh4 Be4 21. f3 Bxd5 22. Bxd5 Nxd5 23. Bf2 Nf4 24. Kh2 Qf6 25. Bg3 Ng6 26. Nf5 Rfe8 27. Rc2 Nf8 28. Qd3 Ne6 29. d5 Nc5 30. Qd2 Kh8 31. b4 Nd7 32. g5 Qg6 33. Nh4 Qh5 34. f4 Re4 35. Nf5 Rae8 {Game drawn because both players ran out of time} 1/2-1/2

[Event "FICS rated blitz game"]
[Site "FICS freechess.org"]
[FICSGamesDBGameNo "20000583"]
[White "ahdy"]
[Black "Vulnus"]
[WhiteElo "1486"]
[BlackElo "1620"]
[WhiteRD "na"]
[BlackRD "na"]
[TimeControl "180+0"]
[Date "1999.05.11"]
[Time "16:32:00"]
[WhiteClock "0:03:00.000"]
[BlackClock "0:03:00.000"]
[ECO "B00"]
[PlyCount "98"]
[Result "0-1"]

1. e4 e6 2. d4 b6 3. Nc3 Bb7 4. d5 exd5 5. exd5 Nf6 6. Bg5 Bb4 7. Bc4 O-O 8. Ne2 Bxc3+ 9. Nxc3 Re8+ 10. Be2 Qe7 11. Bxf6 Qxf6 12. O-O Qg5 13. Bf3 Re5 14. Re1 Rxe1+ 15. Qxe1 Na6 16. Qe4 Nc5 17. Qe3 Qxe3 18. fxe3 Re8 19. e4 h6 20. Nb5 c6 21. Nd6 Rb8 22. Nxb7 Nxb7 23. c4 Re8 24. Kf2 Nc5 25. Ke3 f5 26. Kd4 fxe4 27. Re1 Kf7 28. Bxe4 Nxe4 29. Rxe4 c5+ 30. Kd3 Rxe4 31. Kxe4 d6 32. g4 Kf6 33. h4 a6 34. b3 b5 35. Kf4 bxc4 36. bxc4 a5 37. a4 g6 38. Ke4 g5 39. h5 Kf7 40. Kf5 Kg7 41. Ke6 Kf8 42. Kxd6 Ke8 43. Kxc5 Kd7 44. Kb5 Kd6 45. Kxa5 Kc5 46. Ka6 Kxc4 47. d6 Kd5 48. d7 Kd6 49. d8=Q+ Ke6 {White forfeits on time} 0-1

[Event "FICS rated blitz game"]
[Site "FICS freechess.org"]
[FICSGamesDBGameNo "20000581"]
[White "Torpedol"]
[Black "CHESSIGOR"]
[WhiteElo "1484"]
[BlackElo "1832"]
[WhiteRD "na"]
[BlackRD "na"]
[TimeControl "180+8"]
[Date "1999.05.11"]
[Time "14:15:00"]
[WhiteClock "0:03:00.000"]
[BlackClock "0:03:00.000"]
[ECO "C00"]
[PlyCount "43"]
[Result "0-1"]

1. e4 e6 2. Qe2 Be7 3. Nf3 d5 4. d3 Nf6 5. Nbd2 O-O 6. g3 c5 7. Bg2 Nc6 8. c3 b6 9. O-O Ba6 10. Re1 dxe4 11. Nxe4 Nxe4 12. Qxe4 Rc8 13. Bf1 Bf6 14. Bd2 Qd7 15. Rad1 Rfd8 16. Bc1 Bb7 17. Qg4 Ne7 18. Ne5 Bxe5 19. Rxe5 Qc6 20. f3 f5 21. Qf4 Ng6 22. Qe3 {White resigns} 0-1

[Event "FICS rated blitz game"]
[Site "FICS freechess.org"]
[FICSGamesDBGameNo "20000580"]
[White "scanchess"]
[Black "karpovbert"]
[WhiteElo "1840"]
[BlackElo "1814"]
[WhiteRD "na"]
[BlackRD "na"]
[TimeControl "180+0"]
[Date "1999.05.11"]
[Time "14:12:00"]
[WhiteClock "0:03:00.000"]
[BlackClock "0:03:00.000"]
[ECO "B63"]
[PlyCount "82"]
[Result "0-1"]

1. e4 c5 2. Nf3 d6 3. d4 cxd4 4. Nxd4 Nf6 5. Nc3 a6 6. Bg5 e6 7. Qd2 Nc6 8. O-O-O Qb6 9. Nb3 Bd7 10. f4 O-O-O 11. Kb1 h6 12. Bh4 Be7 13. Bf2 Qc7 14. Be2 d5 15. e5 Ne4 16. Nxe4 dxe4 17. Qe3 Nb4 18. c3 Nd5 19. Qxe4 f5 20. Qf3 g5 21. g3 g4 22. Qd3 Bb5 23. Qc2 Ba4 24. Rhe1 Kb8 25. Bf1 Ka8 26. c4 Nb4 27. Qc3 Rxd1+ 28. Rxd1 Rd8 29. Rxd8+ Qxd8 30. Nd2 Nc6 31. b3 Bb4 32. Qd3 Qxd3+ 33. Bxd3 Bxd2 34. bxa4 Nb4 35. Bf1 Kb8 36. Kb2 Nc6 37. Kc2 Bb4 38. Kb3 Be7 39. Bg2 Kc7 40. a3 Na5+ 41. Kc3 Bxa3 {White forfeits on time} 0-1

[Event "FICS rated blitz game"]
[Site "FICS freechess.org"]
[FICSGamesDBGameNo "20000579"]
[White "nunc"]
[Black "gerard"]
[WhiteElo "1414"]
[BlackElo "736"]
[WhiteRD "na"]
[BlackRD "na"]
[TimeControl "240+13"]
[Date "1999.05.11"]
[Time "11:53:00"]
[WhiteClock "0:04:00.000"]
[BlackClock "0:04:00.000"]
[ECO "C30"]
[PlyCount "45"]
[Result "0-1"]

1. e4 e5 2. f4 c5 3. fxe5 Nc6 4. Qh5 g6 5. Qd1 Nxe5 6. b3 Nf6 7. Bb2 Qe7 8. Nf3 d6 9. Bb5+ Bd7 10. Bxd7+ Nfxd7 11. O-O Bg7 12. d3 O-O 13. Nbd2 b5 14. Rb1 Nxf3+ 15. Rxf3 Qh4 16. Qe2 Ne5 17. Bxe5 dxe5 18. Rbf1 Rae8 19. R1f2 f5 20. exf5 e4 21. Nxe4 Bd4 22. Rf4 Qxf4 23. f6 {White resigns} 0-1

[Event "FICS rated blitz game"]
[Site "FICS freechess.org"]
[FICSGamesDBGameNo "20000578"]
[White "fantomas"]
[Black "GunnarB"]
[WhiteElo "1562"]
[BlackElo "1381"]
[WhiteRD "na"]
[BlackRD "na"]
[TimeControl "120+12"]
[Date "1999.05.11"]
[Time "11:13:00"]
[WhiteClock "0:02:00.000"]
[BlackClock "0:02:00.000"]
[ECO "B76"]
[PlyCount "27"]
[Result "1-0"]

1. e4 c5 2. Nf3 d6 3. d4 cxd4 4. Nxd4 Nc6 5. Nc3 Nf6 6. f3 g6 7. Be3 Bg7 8. Qd2 O-O 9. Nxc6 bxc6 10. Bc4 e6 11. Bh6 d5 12. Bxg7 Kxg7 13. exd5 exd5 14. O-O-O {Black resigns} 1-0

[Event "FICS rated blitz game"]
[Site "FICS freechess.org"]
[FICSGamesDBGameNo "20000577"]
[White "kucki"]
[Black "Cortazar"]
[WhiteElo "1613"]
[BlackElo "1655"]
[WhiteRD "na"]
[BlackRD "na"]
[TimeControl "300+0"]
[Date "1999.05.11"]
[Time "08:58:00"]
[WhiteClock "0:05:00.000"]
[BlackClock "0:05:00.000"]
[ECO "B75"]
[PlyCount "105"]
[Result "1-0"]

1. e4 c5 2. Nf3 Nc6 3. d4 cxd4 4. Nxd4 d6 5. Nc3 Nf6 6. f3 g6 7. Be3 Bg7 8. Be2 O-O 9. Qd2 a6 10. g4 Ne5 11. h4 b5 12. a3 Nc4 13. Bxc4 bxc4 14. h5 e5 15. Nde2 Ra7 16. hxg6 fxg6 17. Bh6 Qe7 18. Bxg7 Qxg7 19. Qxd6 Ne8 20. Qd5+ Kh8 21. O-O-O Bb7 22. Qxc4 Rxf3 23. Rdf1 Nd6 24. Qc5 Bxe4 25. Rxf3 Bxf3 26. Qxd6 Bxh1 27. Qb8+ Qg8 28. Qxa7 Bf3 29. Qe7 Bxg4 30. Qxe5+ Qg7 31. Qxg7+ Kxg7 32. Ng3 h5 33. Kd2 h4 34. Nh1 h3 35. Nf2 Bc8 36. Nce4 h2 37. Ng3 Kf6 38. Ke3 Bb7 39. b4 Kg5 40. c4 Kh4 41. Nfh1 Kg4 42. b5 axb5 43. cxb5 Kg5 44. a4 Kf6 45. a5 Ke6 46. Kd4 Kd6 47. a6 Ba8 48. b6 Kc6 49. b7 Kb6 50. bxa8=Q Kb5 51. Qb7+ Ka5 52. a7 g5 53. a8=Q# {Black checkmated} 1-0

[Event "FICS rated blitz game"]
[Site "FICS freechess.org"]
[FICSGamesDBGameNo "20000576"]
[White "HandsUp"]
[Black "Lerxt"]
[WhiteElo "1425"]
[BlackElo "1423"]
[WhiteRD "na"]
[BlackRD "na"]
[TimeControl "300+0"]
[Date "1999.05.11"]
[Time "08:50:00"]
[WhiteClock "0:05:00.000"]
[BlackClock "0:05:00.000"]
[ECO "C58"]
[PlyCount "104"]
[Result "1/2-1/2"]

1. e4 e5 2. Nf3 Nc6 3. Bc4 Nf6 4. Ng5 d5 5. exd5 Na5 6. d3 Nxc4 7. dxc4 Bc5 8. O-O O-O 9. Nc3 Bg4 10. Qe1 Bb4 11. Qxe5 Bd6 12. Qe1 Qd7 13. Be3 Qf5 14. f4 Rfe8 15. Qh4 Rxe3 16. Rae1 Rxe1 17. Rxe1 Bxf4 18. Nce4 Nxe4 19. Nxe4 g5 20. Qf2 Kg7 21. Qd4+ Qe5 22. Qxe5+ Bxe5 23. Nxg5 Bxb2 24. Re7 Bh5 25. Rxc7 Rb8 26. d6 Bf6 27. Ne6+ Kg6 28. Nf4+ Kh6 29. Nxh5 Kxh5 30. Rxf7 Kg6 31. Rc7 Rd8 32. c5 b6 33. Rxa7 bxc5 34. d7 Kf7 35. a4 Ke6 36. c4 Rxd7 37. Rxd7 Kxd7 38. a5 Kc6 39. Kf2 Kb7 40. Kf3 Ka6 41. Ke4 Bd4 42. g4 Kxa5 43. h4 Kb4 44. Kd5 Kc3 45. g5 Kd3 46. h5 Ke3 47. g6 hxg6 48. hxg6 Kf4 49. g7 Bxg7 50. Kxc5 Bf8+ 51. Kd5 Ke3 52. c5 Bxc5 {Neither player has mating material} 1/2-1/2

[Event "FICS rated blitz game"]
[Site "FICS freechess.org"]
[FICSGamesDBGameNo "20000575"]
[White "pinyo"]
[Black "vcsel"]
[WhiteElo "1456"]
[BlackElo "1591"]
[WhiteRD "na"]
[BlackRD "na"]
[TimeControl "120+12"]
[Date "1999.05.10"]
[Time "20:49:00"]
[WhiteClock "0:02:00.000"]
[BlackClock "0:02:00.000"]
[ECO "B33"]
[PlyCount "56"]
[Result "0-1"]

1. e4 c5 2. Nf3 Nc6 3. d4 cxd4 4. Nxd4 Nf6 5. Nc3 e5 6. Ndb5 d6 7. Nd5 Nxd5 8. exd5 Nb8 9. c3 a6 10. Na3 Be7 11. Be2 O-O 12. Be3 f5 13. f4 e4 14. O-O Nd7 15. Nc4 b5 16. Nd2 Nf6 17. c4 bxc4 18. Bxc4 Bb7 19. b4 Ng4 20. Bd4 Bf6 21. Bxf6 Qxf6 22. Qe2 Rac8 23. Nb3 Rfe8 24. h3 Rxc4 25. hxg4 Rxb4 26. g5 Qd8 27. Rac1 Qb6+ 28. Kh1 Bxd5 {White forfeits on time} 0-1

[Event "FICS rated blitz game"]
[Site "FICS freechess.org"]
[FICSGamesDBGameNo "20000574"]
[White "fifi"]
[Black "Plaur"]
[WhiteElo "1645"]
[BlackElo "1754"]
[WhiteRD "na"]
[BlackRD "na"]
[TimeControl "180+0"]
[Date "1999.05.10"]
[Time "13:52:00"]
[WhiteClock "0:03:00.000"]
[BlackClock "0:03:00.000"]
[ECO "C60"]
[PlyCount "59"]
[Result "1-0"]

1. e4 e5 2. Nf3 Nc6 3. Bb5 Nge7 4. O-O Ng6 5. c3 d6 6. d3 Be7 7. Nbd2 O-O 8. Re1 Kh8 9. Nf1 f5 10. N1d2 Nf4 11. Nf1 fxe4 12. dxe4 Be6 13. Ne3 Qe8 14. Nd5 Qg6 15. Bxf4 Rxf4 16. Nxf4 exf4 17. Bxc6 bxc6 18. Qd2 Rf8 19. g3 fxg3 20. fxg3 Rxf3 21. Rf1 Qf6 22. Qe2 Rxf1+ 23. Rxf1 Qe5 24. Rf4 h6 25. Qe3 Bxa2 26. Qd4 Be6 27. Qxe5 dxe5 28. Rf1 Bc5+ 29. Kg2 Bc4 30. Rd1 {Black forfeits on time} 1-0

[Event "FICS rated blitz game"]
[Site "FICS freechess.org"]
[FICSGamesDBGameNo "20000573"]
[White "CCCP"]
[Black "hasenfusz"]
[WhiteElo "1754"]
[BlackElo "1771"]
[WhiteRD "na"]
[BlackRD "na"]
[TimeControl "300+0"]
[Date "1999.05.10"]
[Time "13:49:00"]
[WhiteClock "0:05:00.000"]
[BlackClock "0:05:00.000"]
[ECO "B60"]
[PlyCount "65"]
[Result "1-0"]

1. e4 c5 2. Nf3 Nc6 3. d4 cxd4 4. Nxd4 Nf6 5. Nc3 d6 6. Bg5 Bd7 7. Be2 Rc8 8. O-O e6 9. Kh1 Be7 10. f4 O-O 11. Bf3 Qb6 12. Nb3 a5 13. a4 Nb4 14. e5 Nfd5 15. Nxd5 Nxd5 16. Bxd5 Bxg5 17. fxg5 exd5 18. exd6 Qxd6 19. Nd4 Qg6 20. Qd2 Rfe8 21. Rae1 Rf8 22. b3 Rfe8 23. h4 Qh5 24. Qf4 Rf8 25. g3 f6 26. Qd6 Bc6 27. Ne6 d4+ 28. Kh2 Rfe8 29. Nxg7 Kxg7 30. Qxf6+ Kg8 31. Qxd4 Qg6 32. c4 Rcd8 33. Qc3 {Black forfeits on time} 1-0